 Dungeon Crawl Stone Soup version 0.28.0-1-gb440e238dd (webtiles) character file.

Game seed: 490438193825527874

171 issech the Cudgeller (level 5, -3/53 HPs)
             Began as a Troll Monk on Feb 26, 2022.
             Slain by an orc (7 damage)
             ... on level 4 of the Dungeon.
             The game lasted 00:06:54 (2173 turns).

issech the Cudgeller (Troll Monk)                   Turns: 2173, Time: 00:06:55

Health: -3/53      AC:  4    Str: 19    XL:     5   Next: 26%
Magic:  4/4        EV:  9    Int:  6    God:
Gold:   94         SH:  6    Dex: 14    Spells: 4/4 levels left

rFire   . . .      SeeInvis .   t - +0 flail
rCold   + . .      Faith    .   A - +0 kite shield
rNeg    . . .      Spirit   .   b - +0 robe
rPois   .          Reflect  .   (helmet restricted)
rElec   .          Harm     .   (no cloak)
rCorr   .          Rampage  .   (gloves unavailable)
Will    .....                   (boots unavailable)
Stlth   ++........              (no amulet)
HPRegen 0.97/turn               p - ring of protection from cold
MPRegen 0.09/turn               x - ring of flight

@: flying
A: large, unfitting armour, claws 3, regeneration 1, shaggy fur 1, tough skin 1
a: no special abilities


You were on level 4 of the Dungeon.
You visited 1 branch of the dungeon, and saw 4 of its levels.

You collected 94 gold pieces.

Inventory:

Hand Weapons
 a - a +0 mace
 s - a +0 trident of venom
 t - a +0 flail (weapon)
 B - a +0 flail
Missiles
 c - 74 stones (quivered)
 f - 33 bolts
 m - 45 sling bullets
Armour
 b - a +0 robe (worn)
 A - a +0 kite shield (worn)
Magical Staves
 w - a staff of fire
Jewellery
 p - a ring of protection from cold (left claw)
 x - a ring of flight (right claw)
Wands
 n - a wand of polymorph (6)
 v - a wand of mindburst (17)
Scrolls
 d - a scroll of holy word {unknown}
 e - a scroll of noise {unknown}
 g - a scroll of identify {unknown}
 h - a scroll of vulnerability {unknown}
 l - a scroll of fear {unknown}
 r - a scroll of teleportation
 u - a scroll of magic mapping {unknown}
 y - a scroll of enchant weapon {unknown}
Potions
 i - a potion of lignification {unknown}
 j - 2 potions of curing {unknown}
 k - a potion of heal wounds {unknown}
 o - 2 potions of attraction {unknown}
 q - a potion of ambrosia {unknown}
 z - 2 potions of might {unknown}


   Skills:
 + Level 3.0 Fighting
 + Level 4.3 Maces & Flails
 + Level 3.2 Dodging
 + Level 1.2 Stealth


You had 4 spell levels left.
You didn't know any spells.
Your spell library was empty.

Dungeon Overview and Level Annotations

Branches:
Dungeon (4/15)
 Temple: D:4-7

Altars:
Fedhas
Qazlal
Sif Muna
Trog


Innate Abilities, Weirdness & Mutations

You are too large for most types of armour.
You have claws for hands.
Your natural rate of healing is unusually fast.
You are covered in fur. (AC +1)
You have tough skin. (AC +1)


Message History

The orc wizard hits you with a +0 dagger.
The endoplasm hits you.
There is an open door here.
You thump the orc wizard!
The orc wizard is heavily wounded.
The orc wizard hits you with a +0 dagger.
A goblin comes into view. It is wielding a +0 club.
The endoplasm hits you but does no damage.
The orc wizard points at you and mumbles some strange words.
The puff of flame hits you!
The goblin moves out of view.
The orc priest mumbles some strange prayers to Beogh against you.
Pain shoots through your body! The endoplasm freezes you.
You are frozen.
You resist. The endoplasm freezes you.
You are frozen.
You resist.
You hit the orc priest.
The orc priest is lightly wounded.
You block the orc priest's attack. The endoplasm freezes you.
You are frozen.
You resist.
The orc priest miscasts a cantrip.
You barely miss the orc priest.
The orc priest is lightly wounded.
The orc wizard mumbles some strange words.
The orc wizard flickers and vanishes!
Deactivating autopickup; reactivate with Ctrl-A.
The endoplasm hits you.
You closely miss the orc. The endoplasm freezes you.
You are frozen.
You resist. You block the orc priest's attack.
The orc hits you with a +2 morningstar of flaming!
* * * LOW HITPOINT WARNING * * *
The orc burns you.
* * * LOW HITPOINT WARNING * * *
The endoplasm completely misses you. The orc priest completely misses you.
You barely miss the orc priest.
The orc priest is lightly wounded.
The orc hits you with a +2 morningstar of flaming!
You die...

...# ## # ... #+#.# #.##..
###...## ... #.....
#......' ....
#.....###......## .... .
#..##.......# ... ..#
#...'.......####'####
#...##..#.[...o.#.......#
#...##..#....o@##.......#
##...#..#......J{†.......
........###...##.........
..........#'#.#..........
#........##)#####.......#
##..#.......)...#'#...#+#.
####..#.....<..#.#####...
######.###..#........#
#...##...........


You could see an orc priest, an orc and an endoplasm.

Vanquished Creatures
  A howler monkey (D:4)
  An orc wizard (D:4)
  An adder (D:2)
  3 gnolls (D:2)
  3 dart slugs
  8 orcs
  5 ball pythons
  6 endoplasms
  4 giant cockroaches
  5 goblins
  4 hobgoblins
  4 quokkas
  4 bats
  A frilled lizard (D:1)
  6 kobolds
  2 rats (D:3)
58 creatures vanquished.

Notes
Turn   | Place    | Note
-------+----------+-------------------------------------------
     0 | D:1      | issech the Troll Monk began the quest for the Orb.
     0 | D:1      | Reached XP level 1. HP: 22/22 MP: 0/0
   419 | D:1      | Reached XP level 2. HP: 26/29 MP: 1/1
   459 | D:1      | Reached skill level 3 in Maces & Flails
   774 | D:2      | Reached XP level 3. HP: 18/36 MP: 2/2
   973 | D:2      | Found a faded altar of an unknown god.
  1493 | D:3      | Reached XP level 4. HP: 44/44 MP: 3/3
  1877 | D:3      | Found a shimmering blue altar of Sif Muna.
  1877 | D:3      | Found a blossoming altar of Fedhas.
  1885 | D:3      | Found a faded altar of an unknown god.
  1888 | D:3      | Found a stormy altar of Qazlal.
  1890 | D:3      | Found a bloodstained altar of Trog.
  2056 | D:4      | Reached skill level 4 in Maces & Flails
  2059 | D:4      | Reached XP level 5. HP: 42/52 MP: 4/4
  2173 | D:4      | Slain by an orc

Illustrated notes

Levels and vault maps discovered:
D:1:      scummos_arrival_hexagon, layout_basic, minmay_pentomino_p2
D:2:      layout_basic, shapermc_ecumenical_altar_gd, amcnicky_mini_pool_small
D:3:      layout_rooms, chequers_temple_overflow_minitemple, chequers_garden,
          minivault_24
D:4:      nicolae_cairo_tiling_very_big, layout_cave_pools, serial_shops,
          nicolae_stop_n_shop_1, minmay_manual_mess, uniq_duvessa, uniq_ijyb

Skill      XL: |  1  2  3  4  5 |
---------------+----------------+-----
Maces & Flails | 3 4 |  4.3
Dodging        | 3 |  3.2
Fighting       | 3 |  3.0
Stealth        | |  1.2

Action                   |  1- 3 |  4- 6 || total
-------------------------+-------+-------++-------
Melee: Mace              |   108 |    30 ||   138
       Punch             |     2 |     1 ||     3
       Flail             |       |    64 ||    64
  Use: Scroll            |       |     1 ||     1
 Stab: Sleeping          |     1 |       ||     1
Armor: Robe              |    45 |    30 ||    75
Dodge: Dodged            |    78 |    41 ||   119
Block: Kite shield       |       |    16 ||    16
